 Dungeon Crawl Stone Soup version 0.27.1 (webtiles) character file.

Game seed: 7573516890546230732

378 MajorAdolf the Bolt Thrower (level 6, 0/51 HPs)
             Began as a Naga Wanderer on Aug 22, 2021.
             Succumbed to a water moccasin's poison
             ... on level 5 of the Dungeon.
             The game lasted 00:14:08 (6662 turns).

MajorAdolf the Bolt Thrower (Naga Wanderer)         Turns: 6662, Time: 00:14:09

Health: 0/51       AC:  4    Str: 18    XL:     6   Next: 74%
Magic:  3/10       EV:  9    Int: 12    God:
Gold:   150        SH:  3    Dex:  9    Spells: 3/11 levels left

rFire    + . .     SeeInvis +   a - +2 hand crossbow
rCold    . . .     Faith    .   k - +0 buckler
rNeg     . . .     Spirit   .   y - +1 robe of Fanaticism {rF+}
rPois    +         Reflect  .   (no helmet)
rElec    .         Harm     .   (no cloak)
rCorr    .         Rampage  .   (no gloves)
Will     +....                  (no barding)
Stlth    ++........             i - amulet of regeneration
HPRegen  1.17/turn              m - ring of willpower
MPRegen  0.12/turn              (no ring)

@: lethally poisoned (0 -> -7), hasted, quick
A: AC +2, large, see invisible, deformed body, poison resistance, slowness 2,
spit poison 1, naga tail 1
a: Spit Poison


You were on level 5 of the Dungeon.
You visited 1 branch of the dungeon, and saw 5 of its levels.

You collected 150 gold pieces.

Inventory:

Hand Weapons
 a - a +2 hand crossbow (weapon)
 e - a +0 dagger
 n - a +0 hunting sling
Missiles
 b - 44 bolts (quivered ammo)
 g - 98 stones
Armour
 k - a +0 buckler (worn)
 y - the +1 robe of Fanaticism (worn) {rF+}
   (You found it on level 5 of the Dungeon)

   rF:        It protects you from fire.
Jewellery
 i - an amulet of regeneration (around neck)
 m - a ring of willpower (left hand)
 w - an amulet of magic regeneration
Wands
 u - a wand of flame (13)
Scrolls
 c - 2 scrolls of teleportation
 f - a scroll of enchant armour {unknown}
 l - a scroll of vulnerability {unknown}
 o - 5 scrolls of identify {unknown}
 q - a scroll of noise {unknown}
 s - a scroll of magic mapping {unknown}
Potions
 h - a potion of haste
 j - 2 potions of curing {unknown}
 p - a potion of brilliance {unknown}
 r - a potion of mutation {unknown}
 t - a potion of degeneration {unknown}
 v - a potion of heal wounds {unknown}
 x - a potion of flight {unknown}


   Skills:
 - Level 1.1 Fighting
 - Level 3.6 Crossbows
 - Level 3.0 Stealth
 + Level 2.1 Shields
 + Level 3.2 Spellcasting
 + Level 3.5 Hexes
 + Level 3.3 Translocations
 + Level 0.3 Earth Magic


You had 3 spell levels left.
You knew the following spells:

 Your Spells              Type           Power      Damage    Failure   Level
a - Corona                Hex            11%        N/A       6%          1
b - Portal Projectile     Hex/Tloc       20%        N/A       19%         3
c - Leda's Liquefaction   Hex/Erth       3%         N/A       73%         4

Your spell library contained the following spells:

 Spells                   Type           Power      Damage    Failure   Level
 Foxfire                  Conj/Fire      4%         2x1d4     26%         1
 Inner Flame              Hex/Fire       6%         N/A       34%         3
 Corpse Rot               Necr/Air       N/A        N/A       36%         2
 Poisonous Vapours        Pois/Air       2%         N/A       36%         2
 Sublimation of Blood     Necr           0%         N/A       36%         2
 Call Canine Familiar     Summ           1%         N/A       58%         3
 Conjure Flame            Conj/Fire      1%         6-21      58%         3
 Petrify                  Tmut/Erth      2%         N/A       93%         4
 Freezing Cloud           Conj/Ice/Air   0%         6-21      100%        5
 Irradiate                Conj/Tmut      0%         3d14      100%        5


Dungeon Overview and Level Annotations

Branches:
Dungeon (5/15)
 Temple: D:4-7

Altars:
Zin

Shops:
D:3 [

Annotations:
D:3 Grinder
D:4 2 runed translucent doors, PeterLawrence's ghost, amateur MiFi
D:5 exclusion: water moccasin


Innate Abilities, Weirdness & Mutations

Your serpentine skin is tough. (AC +2)
You have supernaturally acute eyesight. (SInv)
Armour fits poorly on your strangely shaped body.
Your system is resistant to poisons. (rPois)
You cover ground very slowly.
You can spit poison.
You have a snake-like lower body.


Message History

The water moccasin completely misses you.
Fire: 47 bolts
Press: ? - help, Shift-Dir - straight line, f/p - water moccasin
Aim: a water moccasin (almost dead, 44% to hit)
You shoot a bolt.
The bolt closely misses the water moccasin.
You have got your breath back.
You feel sick.
You are no longer poisoned.
The water moccasin bites you!
* * * LOW HITPOINT WARNING * * *
You block the water moccasin's attack.
Unknown command.
Fire: 46 bolts
Press: ? - help, Shift-Dir - straight line, f/p - water moccasin
Aim: a water moccasin (almost dead, 44% to hit)
You shoot a bolt.
The bolt barely misses the water moccasin.
The water moccasin bites you.
* * * LOW HITPOINT WARNING * * *
A water moccasin is nearby!
Unknown command.
Really attack while wielding your +2 hand crossbow? [Y]es or [N]o only, please.
Really attack while wielding your +2 hand crossbow?
Okay, then.
Fire: 45 bolts
Press: ? - help, Shift-Dir - straight line, f/p - water moccasin
Aim: a water moccasin (almost dead, 44% to hit)
You shoot a bolt.
The bolt barely misses the water moccasin.
The water moccasin bites you.
* * * LOW HITPOINT WARNING * * *
The water moccasin bites you.
* * * LOW HITPOINT WARNING * * *
You are lethally poisoned!
The water moccasin poisons you!
There is a lethal amount of poison in your body!
It was a potion of haste.
You feel yourself speed up.
You die...

♣. ..# . ♣ .♣♣♣.# ### ..♣. .♣..#
#.# ...♣♣♣ ...# #.# .♣ ♣..♣. ..#
#.# #♣♣♣... ♣♣...♣♣♣.# #.. #.♣.
♣..♣. ♣..♣..# #.#
#..♣♣♣...♣♣♣.[#.##########.#
#.#.♣ ♣..♣@###.............
#..#S.♣ ♣(S## ##########....
##.###.♣.### #...... #.# #
#.#....
#######.###################)...##
................................>
#######.########.############.##.
#.. #.# #.##. ##.# #.# #....


You could see a water moccasin.

Vanquished Creatures
  An ogre (D:4)
  2 scorpions (D:4)
  A hound (D:4)
  A centaur skeleton (D:5)
  An adder (D:2)
  An ufetubus (D:4)
  3 worms
  3 dart slugs (D:1)
  4 orcs (D:4)
  8 endoplasms
  5 giant cockroaches
  6 hobgoblins
  2 jackals (D:4)
  9 kobolds
  5 quokkas
  5 ball pythons
  8 bats
  2 frilled lizards (D:2)
  5 goblins
  10 rats
82 creatures vanquished.

Vanquished Creatures (others)
  6 bushes (D:4)
  A fungus (D:1)
  4 plants
  2 toadstools (D:5)
13 creatures vanquished.

Grand Total: 95 creatures vanquished

Notes
Turn   | Place    | Note
-------+----------+-------------------------------------------
     0 | D:1      | MajorAdolf the Naga Wanderer began the quest for the Orb.
     0 | D:1      | MajorAdolf set off with the following items: a +2 hand
                  | crossbow, 24 bolts, a scroll of teleportation, a +0 robe, a
                  | +0 dagger; and the following spell memorised: Corona; and
                  | the following spells available to memorise: Portal
                  | Projectile
     0 | D:1      | Reached XP level 1. HP: 18/18 MP: 2/2
   371 | D:1      | Reached skill level 1 in Translocations
   371 | D:1      | Reached XP level 2. HP: 22/25 MP: 4/4
   725 | D:1      | Reached XP level 3. HP: 31/31 MP: 5/5
  1607 | D:1      | Found a faded altar of an unknown god.
  1804 | D:1      | Learned a level 3 spell: Portal Projectile
  2507 | D:2      | Reached XP level 4. HP: 38/38 MP: 5/7
  3332 | D:3      | Found Sasm's Armour Shoppe.
  3951 | D:3      | Noticed Grinder
  3951 | D:3      | Paralysed by Grinder for 3 turns
  3986 | D:4      | Reached skill level 1 in Shields
  4003 | D:4      | Noticed a scorpion
  4345 | D:4      | Noticed an ogre
  4355 | D:4      | Killed an ogre
  4356 | D:4      | Reached XP level 5. HP: 33/44 MP: 7/9
  4394 | D:4      | Reached XP level 6. HP: 21/51 MP: 7/10
  5490 | D:4      | Found a runed translucent door.
  5491 | D:4      | Noticed PeterLawrence's ghost (amateur MiFi)
  5644 | D:4      | Learned a level 4 spell: Leda's Liquefaction
  5732 | D:4      | Found a glowing silver altar of Zin.
  5881 | D:4      | Found a runed translucent door.
  6290 | D:5      | Entered Level 5 of the Dungeon
  6337 | D:5      | Noticed a water moccasin
  6624 | D:5      | Identified the +1 robe of Fanaticism {rF+}
  6662 | D:5      | Succumbed to a water moccasin's poison

Illustrated notes

Levels and vault maps discovered:
D:1:      lightli_arrival_quake, layout_loops_cross,
          shapermc_ecumenical_altar_hornbeckon
D:2:      layout_basic, minivault_4
D:3:      layout_basic, serial_forest, infiniplex_forest_straight_5,
          infiniplex_forest_clump_long, infiniplex_forest_clump_curved,
          infiniplex_forest_clump_tiny, infiniplex_forest_clump_curved,
          infiniplex_forest_diagonal, serial_shops, shop, kennysheep_nub,
          uniq_grinder
D:4:      layout_loops_corners, zin_scriptorium, ebering_ghost_sewer_f,
          minmay_hedge_maze, hangedman_decor_points, supply_closet_lemuel,
          minmay_quadrilaterals
D:5:      layout_basic, minmay_gold_behind_fungi, kennysheep_doodads

Skill      XL: |  1  2  3  4  5  6 |
---------------+-------------------+-----
Translocations | 1 2 3 |  3.3
Spellcasting   | 2 3 |  3.2
Shields        | 1 2 |  2.1
Hexes          | 3 |  3.5
Fighting       | |  1.1
Crossbows      | |  3.6
Stealth        | |  3.0
Earth Magic    | |  0.3

Action                   |  1- 3 |  4- 6 || total
-------------------------+-------+-------++-------
Melee: Dagger            |     2 |     3 ||     5
 Fire: Hand crossbow     |    13 |    37 ||    50
       Hunting sling     |       |   131 ||   131
Throw: Stone             |     2 |     4 ||     6
 Cast: Corona            |     1 |    15 ||    16
       Portal Projectile |     1 |    11 ||    12
 Abil: Spit Poison       |    44 |     6 ||    50
  Use: Scroll            |       |     1 ||     1
       Potion            |       |     1 ||     1
Armor: Robe              |    12 |    31 ||    43
Dodge: Dodged            |    28 |    75 ||   103
Block: Buckler           |       |    22 ||    22
